 Dungeon Crawl Stone Soup version 0.29.1-12-g30fa7ad0bf (webtiles) character file.

Game seed: 3786817917486160085

152954 FexLirch the Brawler (level 17, -7/163 (176) HPs)
             Began as a Troll Fighter on Jan 5, 2023.
             Was a High Priest of Ru.
             Mangled by a spriggan rider
             ... wielding a +0 spear
              (23 damage)
             ... on level 4 of the Swamp.
             The game lasted 02:05:54 (24512 turns).

FexLirch the Brawler (Troll Fighter)               Turns: 24512, Time: 02:05:55

HP:   -7/163 (176)  AC: 13    Str: 30    XL:     17   Next: 3%
MP:   8/14          EV: 12    Int:  4    God:    Ru [*****.]
Gold: 3008          SH: 26    Dex:  9    Spells: 16/16 levels left

rFire   + + +      SeeInvis .     - Unarmed
rCold   . . .      Faith    +   c - +10 tower shield of Ignorance {rN+ Int-4}
rNeg    + . .      Spirit   .   H - +0 fire dragon scales
rPois   +          Reflect  .   V - +1 hat "Pycok" {*Corrode rElec rPois Stlth+}
rElec   +          Harm     .   n - scarf {rC+ rF+}
rCorr   .          Rampage  .   (gloves unavailable)
Will    +....                   (boots unavailable)
Stlth   ..........              I - amulet of faith
HPRegen 1.17/turn               o - +4 ring of slaying
MPRegen 0.14/turn               N - +4 ring of evasion

@: exhausted, on berserk cooldown, slowed, studying 2 skills, drained, very slow
A: large, unfitting armour, claws 3, low MP 1, regeneration 1, shaggy fur 1,
tough skin 1, no stealth, hated by all, no conjurations magic, no fire magic, no
hexes magic, disrupted magic 1, unskilled 1
a: Renounce Religion, Draw Out Power, Power Leap, Apocalypse


You were on level 4 of the Swamp.
You worshipped Ru.
Ru was extremely pleased with you.
You visited 5 branches of the dungeon, and saw 27 of its levels.
You also visited: Sewer, Ossuary and Ice Cave.

You collected 3531 gold pieces.
You spent 523 gold pieces at shops.

Inventory:

Missiles
 b - 6 javelins
 k - 4 datura-tipped darts
 p - 5 throwing nets
 w - 10 boomerangs
 A - 2 silver javelins
 G - 61 poisoned darts
 M - 2 atropa-tipped darts
 O - a curare-tipped dart
 Y - 23 large rocks (quivered)
Armour
 c - the +10 tower shield of Ignorance (worn) {rN+ Int-4}
   (You found it on level 10 of the Dungeon)

   Int:       It affects your intelligence (-4).
   rN:        It protects you from negative energy.
 n - a scarf of resistance (worn)
 H - +0 fire dragon scales (worn)
 V - the +1 hat "Pycok" (worn) {*Corrode rElec rPois Stlth+}
   (You found it on level 13 of the Dungeon)

   rElec:     It insulates you from electricity.
   rPois:     It protects you from poison.
   *Corrode:  It may corrode you when you take damage.
   Stlth:     It makes you more stealthy.
Jewellery
 a - the amulet "Mumnav" {rC+ Regen+}
   (You found it on level 2 of the Swamp)

   [amulet of regeneration]

   rC:        It protects you from cold.
   Regen:     It increases your rate of health regeneration.
 d - a ring of flight
 o - a +4 ring of slaying (left claw)
 D - a ring of poison resistance
 F - the ring "Jaywn" {Wiz rElec rCorr Int+5 Dex-2}
   (You found it on level 13 of the Dungeon)

   [ring of wizardry]

   It improves your spell success rate.
   Int:       It affects your intelligence (+5).
   Dex:       It affects your dexterity (-2).
   rElec:     It insulates you from electricity.
   rCorr:     It protects you from acid and corrosion.
 I - an amulet of faith (around neck)
 N - a +4 ring of evasion (right claw)
 Q - a ring of see invisible
 S - a ring of protection from cold
 Z - a ring of protection from fire
Wands
 j - a wand of iceblast (6)
 y - a wand of acid (8)
 C - a wand of flame (24)
 E - a wand of digging (11)
 K - a wand of polymorph (15)
 R - a wand of mindburst (38)
Scrolls
 f - 4 scrolls of poison
 l - 16 scrolls of teleportation
 m - 3 scrolls of enchant armour
 q - 3 scrolls of magic mapping
 v - 2 scrolls of blinking
 x - 5 scrolls of fear
 J - 4 scrolls of noise
 L - 4 scrolls of vulnerability
 X - 5 scrolls of immolation
Potions
 e - 13 potions of curing
 g - 2 potions of magic
 h - 7 potions of flight
 i - 7 potions of heal wounds
 r - 2 potions of haste
 s - 8 potions of mutation
 t - a potion of resistance
 u - 6 potions of brilliance
 z - a potion of berserk rage
 B - 4 potions of lignification
 P - 3 potions of attraction
 T - 3 potions of ambrosia
 W - 3 potions of invisibility {unknown}
Miscellaneous
 U - a lightning rod (4/4)


   Skills:
 + Level 13.0 Fighting
 + Level 8.7 Throwing
 + Level 7.6 Armour
 + Level 7.1 Dodging
 + Level 12.0 Shields
 * Level 17.7 Unarmed Combat


You had 16 spell levels left.
You didn't know any spells.
Your spell library contained the following spells:

 Spells                   Type           Power      Damage    Failure   Level
 Sting                    Tmut/Pois      0%         1d3       99%         1
 Poisonous Vapours        Pois/Air       0%         N/A       100%        2
 Sublimation of Blood     Necr           0%         N/A       100%        2
 Spider Form              Tmut/Pois      0%         N/A       100%        3
 Vampiric Draining        Necr           0%         2d6       100%        3
 Olgreb's Toxic Radiance  Pois           0%         N/A       100%        4
 Petrify                  Tmut/Erth      0%         N/A       100%        4
 Dispersal                Tloc           0%         N/A       100%        6
 Dragon Form              Tmut           0%         N/A       100%        7
 Disjunction              Tloc           0%         N/A       100%        8
 Slow                     Hex            Unusable   N/A       N/A         1
 Ensorcelled Hibernation  Hex/Ice        Unusable   N/A       N/A         2
 Confusing Touch          Hex            Unusable   N/A       N/A         3
 Anguish                  Hex/Necr       Unusable   N/A       N/A         4
 Cause Fear               Hex            Unusable   N/A       N/A         4
 Irradiate                Conj/Tmut      Unusable   3d11      N/A         5
 Summon Forest            Summ/Tloc      Unusable   N/A       N/A         5
 Summon Mana Viper        Hex/Summ       Unusable   N/A       N/A         5
 Summon Cactus Giant      Summ           Unusable   N/A       N/A         6
 Dragon's Call            Summ           Unusable   N/A       N/A         9

Dungeon Overview and Level Annotations

Branches:
Dungeon (15/15)            Temple (1/1) D:5            Lair (5/5) D:11
  Swamp (4/4) Lair:3       Spider (0/4) Lair:2        Slime (0/5) Lair:5
    Orc (2/2) D:11            Elf (0/3) Orc:2        Vaults (0/5) D:14
  Sewer (visited)         Ossuary (visited)           IceCv (visited)
 Depths: D:15

Altars:
Ashenzari
Cheibriados
Gozag
Kikubaaqudgha
Nemelex Xobeh
Okawaru
Ru
Sif Muna
Trog
Uskayaw
Wu Jian
Xom
Zin

Shops:
D:6 ?   D:7 *=?   Orc:2 *[(*

Annotations:
D:10 1 runed translucent door, exclusion: 3 orange crystal statues
D:11 4 transporters
D:15 Jorgrun
Lair:1 exclusion: 2 oklob plants
Lair:2 exclusion: oklob plant


Innate Abilities, Weirdness & Mutations

You are too large for most types of armour.
You have claws for hands.
Your magical capacity is low. (-10% MP)
Your natural rate of healing is unusually fast.
You are covered in fur. (AC +1)
You have tough skin. (AC +1)
You cannot be stealthy.
You are hated by all.
You cannot study or cast Conjurations magic.
You cannot study or cast Fire magic.
You cannot study or cast Hexes magic.
Your casting is slightly disrupted.
You are somewhat unskilled. (-1 Apt)


Message History

The bolt of lightning hits you! You resist.
* * * LOW HITPOINT WARNING * * *
A spriggan rider comes into view. It is wielding a +0 spear.
You block the goliath frog's attack.
The spriggan rider shouts!
You eviscerate the goliath frog!!!
You kill the goliath frog!
The swamp worm fires a harpoon shot at you.
You block the harpoon shot.
You are no longer berserk.
You are exhausted.
You feel as though you will be slow longer.
The swamp worm fires a harpoon shot at you.
The harpoon shot misses you.
The spriggan air mage points at you and mumbles some strange words.
The bolt of lightning misses you.
The mangrove smoulders and burns.
The swamp worm bites you but does no damage.
Press: ? - help, v - describe, . - travel
Here: a swamp worm The floor, spattered with blood.
Unknown command.
You claw the swamp worm!
The swamp worm is moderately wounded.
The spriggan air mage waves its arms in wide circles.
The air twists around and strikes you!!
* * * LOW HITPOINT WARNING * * *
You block the swamp worm's attack. You block the spriggan rider's attack.
You block the swamp worm's attack.
Blink to where?
Press: ? - help, Dir - move target A swamp worm comes into view.
As you read the scroll of blinking, it crumbles to dust.
You are no longer corroded.
The swamp worm fires a harpoon shot at you.
The harpoon shot hits you!
* * * LOW HITPOINT WARNING * * *
You are yanked forward by the harpoon shot.
You block the spriggan air mage's attack.
The spriggan rider hits you from afar with a +0 spear!!
You die...

..~ ~w .~...
§. ?~.. ..♣
.~.♣ ~ .~♣
~.~♣♣.. ♣§♣♣♣
~~~...[
♣...♣♣♣!§~~~..
♣~<~.@w~~~~~~~
♣)~~~~i(~§~~§~
♣♣~~~)i~~§~~~§
♣.~...♣♣~.....
♣♣♣~~~♣ ♣♣~~.~
♣..~~~♣ ~~~
♣~...~♣ .~
♣♣~.|♣♣♣ ~~~.
♣~~~§.♣♣ ~~~~


You could see a spriggan rider, a spriggan air mage (repels missiles) and a
swamp worm.

Vanquished Creatures
  2 tentacled monstrosities (Swamp:2)
  A thorn hunter (Swamp:2)
  3 fenstrider witches
  The ghost of BillyBaka the Bludgeoner, a journeyman MiFi of Okawaru (Swamp:2)
  An orc warlord (Orc:2)
  2 ghouls (Swamp:2)
  A reaper (IceCv)
  The ghost of Zuymiq the Brawler, a journeyman OgMo of Trog (D:13)
  An eleionoma (Swamp:1)
  3 bunyips
  Snorg (Orc:2)
  2 fire dragons
  A shambling mangrove (Swamp:2)
  The ghost of TheSexyCheese the Cleaver, a journeyman HOFi of Gozag (D:11)
  The ghost of TheSexyCheese the Cleaver, a journeyman HOFi of Gozag (D:11)
  Fannar (Lair:1)
  8 boulder beetles
  10 hydras
  A spriggan air mage (Swamp:2)
  2 ghost crabs (Swamp:1)
  2 ogre magi
  2 catoblepae (Lair:4)
  4 two-headed ogres
  11 centaur warriors
  A merfolk avatar (Swamp:2)
  A death knight (D:13)
  7 alligators
  A naga warrior (D:13)
  Urug (Lair:2)
  An orc high priest (Orc:1)
  4 tengu warriors
  A spriggan berserker (Swamp:2)
  Amaemon (Lair:2)
  3 skeletal warriors
  The ghost of Xeneth the Cudgeller, a novice DsBe of Trog (D:8)
  7 goliath frogs
  2 spriggan druids
  4 death drakes
  An orb spider (shapeshifter) (D:14)
  3 bog bodies
  A wizard (D:15)
  An orange crystal statue (D:10)
  6 swamp dragons
  3 lindwurms
  2 necromancers (D:14)
  A harpy (D:15)
  3 deep elf pyromancers
  4 orc sorcerers
  6 orc knights
  6 cyclopes
  A will-o-the-wisp (Swamp:1)
  11 ugly things
  A salamander (D:15)
  4 wolf spiders
  5 manticores
  A faun (shapeshifter) (D:14)
  Maurice (Orc:2)
  2 ice statues (IceCv)
  16 elephants
  3 black mambas
  8 cane toads
  An orange demon (Lair:2)
  3 torpor snails
  A torpor snail (shapeshifter) (D:13)
  A kobold demonologist (D:13)
  6 komodo dragons
  A yaktaur (D:15)
  3 unseen horrors
  2 anaconda simulacra (IceCv)
  6 rime drakes
  6 ice devils (IceCv)
  A tengu conjurer (D:14)
  A burning bush (Lair:1)
  8 trolls
  6 tyrant leeches
  12 polar bears
  8 hornets
  A tarantella (D:13)
  4 raiju (Lair:5)
  6 slime creatures (D:13)
  17 blink frogs
  Prince Ribbit (D:8)
  3 dream sheep
  7 jumping spiders
  A centaur simulacrum (D:14)
  A culicivora (Lair:2)
  2 vampires
  8 spriggans
  4 shadows
  4 wraiths
  7 wyverns
  4 dire elephant simulacra (IceCv)
  52 yaks
  2 basilisks
  Grum (Lair:1)
  A redback (D:13)
  15 vampire mosquitoes
  5 steam dragons
  6 wargs
  A death yak simulacrum (IceCv)
  8 swamp worms
  4 harpy simulacra (IceCv)
  4 acid dragons
  12 hell hounds (Lair:5)
  17 water moccasins
  Duvessa (D:5)
  2 swamp drakes
  2 sky beasts
  2 ice beasts
  A black bear (shapeshifter) (D:15)
  15 black bears
  30 orc warriors
  6 ogres
  7 centaurs
  33 wolves
  The ghost of sigtrap the Sneak, an amateur GnEn (D:3)
  6 phantoms
  7 kobold brigands
  Blork the orc (D:6)
  14 bullfrogs
  2 gnoll sergeants
  3 necrophages
  17 scorpions
  Dowan (D:5)
  2 troll zombies (D:11)
  7 killer bees
  2 elephant simulacra (IceCv)
  8 howler monkeys
  3 lava snakes (D:13)
  4 centaur zombies (Ossuary)
  A jelly (D:4)
  7 hounds
  20 orc priests
  5 iguanas
  24 orc wizards
  7 scorpion zombies (Ossuary)
  2 spriggan simulacra (IceCv)
  A wolf simulacrum (IceCv)
  4 ogre zombies (D:11)
  4 mummies
  A howler monkey zombie (D:3)
  14 gnolls
  9 adders
  A shadow imp (D:6)
  12 white imps (D:12)
  An ufetubus (D:5)
  An adder zombie (D:3)
  A worm (D:2)
  2 dart slugs
  95 orcs
  4 ball pythons
  16 bats
  14 endoplasms
  4 giant cockroaches
  4 goblins
  6 hobgoblins
  12 jackals
  4 quokkas
  A goblin skeleton (D:11)
  3 goblin zombies
  5 hobgoblin zombies
  32 kobolds
  A kobold zombie (Ossuary)
  3 orc skeletons (D:11)
  11 orc zombies (D:11)
  8 rats
  2 briar patches (Swamp:2)
971 creatures vanquished.

Vanquished Creatures (others)
  A hydra (Swamp:1)
  A naga warrior (D:13)
  A bog body (Swamp:2)
  A will-o-the-wisp (Swamp:1)
  A manticore (D:14)
  3 trolls
  2 bloated husks
  2 tyrant leeches
  A blink frog (Lair:1)
  A basilisk (D:15)
  A swamp worm (Swamp:3)
  A hell hound (Lair:5)
  An orc warrior (Orc:2)
  An ogre (D:11)
  An orc priest (Orc:2)
  2 kobolds
  A briar patch (Swamp:2)
  2 bushes (D:11)
  10 foxfires (Swamp:1)
  34 fungi
  106 plants
  22 toadstools (Lair:2)
196 creatures vanquished.

Grand Total: 1167 creatures vanquished

Notes
Turn   | Place    | Note
-------+----------+-------------------------------------------
     0 | D:1      | FexLirch the Troll Fighter began the quest for the Orb.
     0 | D:1      | Reached XP level 1. HP: 22/22 MP: 0/0
   205 | D:1      | Reached XP level 2. HP: 28/29 MP: 1/1
  1032 | D:2      | Reached skill level 3 in Unarmed Combat
  1032 | D:2      | Reached XP level 3. HP: 31/36 MP: 2/2
  1311 | D:2      | Reached XP level 4. HP: 44/44 MP: 3/3
  1573 | D:2      | Found a faded altar of an unknown god.
  1905 | D:3      | Found a sacrificial altar of Ru.
  2040 | D:3      | Became a worshipper of Ru the Awakened
  2066 | D:3      | Reached skill level 4 in Unarmed Combat
  2066 | D:3      | Reached XP level 5. HP: 8/53 MP: 4/4
  2067 | D:3      | HP: 1/53 [orc/+0 flail (9)]
  2143 | D:3      | Found a runed translucent gate.
  2143 | D:3      | Found a runed translucent gate.
  2143 | D:3      | Found a runed translucent gate.
  2143 | D:3      | Noticed sigtrap's ghost (amateur GnEn)
  2145 | D:3      | Found a basalt altar of Yredelemnul.
  2165 | D:3      | Killed sigtrap's ghost
  2539 | D:3      | Found an iron altar of Okawaru.
  2551 | D:3      | Found an ornate altar of the Wu Jian Council.
  2774 | D:4      | Found a glowing drain.
  2784 | D:4      | Reached XP level 6. HP: 61/61 MP: 5/5
  2796 | Sewer    | Entered a sewer
  2823 | Sewer    | Noticed a water moccasin
  2833 | Sewer    | Killed a water moccasin
  2834 | Sewer    | Reached skill level 5 in Unarmed Combat
  2917 | D:4      | You fall into a shaft and drop 3 floors!
  2980 | D:7      | Gained mutation: You are somewhat unskilled. (-1 Apt) [Ru
                  | sacrifice]
  2980 | D:7      | Reduced skill Unarmed Combat to level 4
  2980 | D:7      | Reached * piety under Ru
  3018 | D:6      | Found Obriog's Magic Scroll Emporium.
  3100 | D:7      | Found a sand-covered staircase.
  3113 | Ossuary  | Entered an ossuary
  3136 | Ossuary  | Reached skill level 5 in Unarmed Combat
  3154 | Ossuary  | Reached XP level 7. HP: 67/67 MP: 6/6
  3251 | Ossuary  | Reached skill level 6 in Unarmed Combat
  3317 | Ossuary  | Reached XP level 8. HP: 76/78 MP: 7/7
  3397 | Ossuary  | Reached skill level 5 in Shields
  3397 | Ossuary  | Reached skill level 7 in Unarmed Combat
  3576 | D:5      | Entered Level 5 of the Dungeon
  3588 | D:5      | Found a staircase to the Ecumenical Temple.
  3596 | Temple   | Entered the Ecumenical Temple
  4024 | D:4      | Reached skill level 5 in Fighting
  4024 | D:4      | Reached XP level 9. HP: 88/88 MP: 8/8
  4198 | D:4      | Gained mutation: You cannot study or cast Fire magic. [Ru
                  | sacrifice]
  4198 | D:4      | Gained mutation: You cannot study or cast Hexes magic. [Ru
                  | sacrifice]
  4198 | D:4      | Gained mutation: You cannot study or cast Conjurations
                  | magic. [Ru sacrifice]
  4198 | D:4      | Reached ** piety under Ru
  4340 | D:4      | Reached skill level 8 in Unarmed Combat
  4456 | D:5      | Found a broken altar of Ashenzari.
  4468 | D:5      | Noticed Duvessa
  4481 | D:5      | Killed Duvessa
  4483 | D:5      | Noticed Dowan
  4505 | D:5      | Killed Dowan
  4666 | D:5      | Found a blossoming altar of Fedhas.
  4713 | D:5      | Found a shimmering altar of Xom.
  4980 | D:6      | Bought a scroll of identify for 28 gold pieces
  4980 | D:6      | Bought a scroll of identify for 28 gold pieces
  4980 | D:6      | Bought a scroll of identify for 28 gold pieces
  4980 | D:6      | Bought a scroll of identify for 28 gold pieces
  5242 | D:6      | Noticed Blork the orc
  5251 | D:6      | Reached skill level 9 in Unarmed Combat
  5255 | D:6      | Killed Blork the orc
  5279 | D:6      | Found a shimmering blue altar of Sif Muna.
  5456 | D:7      | Found Foodum's Jewellery Shoppe.
  5483 | D:8      | Found a snail-covered altar of Cheibriados.
  5601 | D:7      | Found Osam's Assorted Antiques.
  5690 | D:7      | Found Ymeitsiergh's Magic Scroll Boutique.
  5693 | D:7      | Bought a scroll of blinking for 97 gold pieces
  5693 | D:7      | Bought a scroll of fear for 52 gold pieces
  5976 | D:7      | Reached XP level 10. HP: 87/98 MP: 9/9
  6522 | D:8      | Found a runed translucent door.
  6522 | D:8      | Noticed Xeneth's ghost (novice DsBe)
  6522 | D:8      | Noticed a centaur warrior
  6541 | D:8      | Reached skill level 10 in Unarmed Combat
  6892 | D:8      | Found an opulent altar of Gozag.
  6998 | D:8      | Found a sparkling altar of Nemelex Xobeh.
  7298 | D:9      | Found a broken altar of Ashenzari.
  7401 | D:9      | Noticed a two-headed ogre
  7411 | D:9      | Killed a two-headed ogre
  7490 | D:9      | Noticed Prince Ribbit
  7524 | D:8      | Killed Prince Ribbit
  7632 | D:10     | Entered Level 10 of the Dungeon
  7818 | D:9      | Identified the +8 spear "Owacly" {protect, *Rage rPois
                  | Dex+4 Stlth+}
  7851 | D:10     | Reached skill level 11 in Unarmed Combat
  7976 | D:7      | Bought a ring of see invisible for 165 gold pieces
  8502 | D:10     | Reached XP level 11. HP: 104/107 MP: 10/10
  9032 | D:10     | Found a runed translucent door.
  9085 | D:10     | Found the +10 tower shield of Ignorance {rN+ Int-4}
  9092 | D:10     | Found a runed translucent door.
  9101 | D:10     | Noticed an orange crystal statue
  9430 | D:10     | Identified the +4 shortbow "Jyuw Matt" {freeze, +Blink
                  | Will+}
  9930 | D:11     | Found a transporter.
  9932 | D:11     | Found a transporter.
  9937 | D:11     | Found a transporter.
 10020 | D:12     | Found a frozen archway.
 10067 | IceCv    | Entered an ice cave
 10147 | IceCv    | Reached skill level 12 in Unarmed Combat
 10477 | IceCv    | Reached skill level 1 in Throwing
 10564 | IceCv    | Noticed a reaper
 10574 | IceCv    | Killed a reaper
 10710 | D:11     | Found a staircase to the Orcish Mines.
 10710 | D:11     | Noticed an orc sorcerer
 10731 | D:11     | Reached XP level 12. HP: 119/119 MP: 11/11
 10877 | D:11     | Found a transporter.
 11096 | D:11     | Found a staircase to the Lair.
 11112 | D:11     | Reached skill level 13 in Unarmed Combat
 11139 | D:11     | Reached skill level 1 in Armour
 11141 | D:11     | Noticed a tengu warrior
 11153 | D:11     | Killed a tengu warrior
 11366 | D:11     | Found a runed translucent gate.
 11366 | D:11     | Found a runed translucent gate.
 11366 | D:11     | Found a runed translucent gate.
 11374 | D:11     | Noticed TheSexyCheese's ghost (journeyman HOFi)
 11374 | D:11     | Noticed TheSexyCheese's ghost (journeyman HOFi)
 11769 | D:10     | Noticed a two-headed ogre
 11922 | D:8      | Killed Xeneth's ghost
 11926 | D:8      | Killed a centaur warrior
 12555 | D:12     | Noticed a centaur warrior
 12568 | D:12     | Killed a centaur warrior
 12594 | D:12     | Noticed a boulder beetle
 12670 | D:11     | Killed TheSexyCheese's ghost
 12676 | D:11     | Killed TheSexyCheese's ghost
 12699 | D:11     | Identified the +9 long sword "Killer Bee's Bane" {freeze,
                  | Will- MP+9 Str+7 SInv}
 12722 | Lair:1   | Entered Level 1 of the Lair of Beasts
 12775 | Lair:1   | Noticed a boulder beetle
 12776 | Lair:1   | Reached XP level 13. HP: 116/128 MP: 12/12
 12840 | Lair:1   | Found a blossoming altar of Fedhas.
 12940 | Lair:1   | Noticed Fannar
 12973 | Lair:1   | Killed Fannar
 13075 | Lair:1   | Reached skill level 14 in Unarmed Combat
 13154 | Lair:1   | Noticed Grum
 13179 | Lair:1   | Killed Grum
 13224 | Lair:1   | Gained mutation: You are hated by all. [Ru sacrifice]
 13224 | Lair:1   | Reached *** piety under Ru
 13224 | Lair:1   | Reached **** piety under Ru
 13530 | Lair:2   | Noticed Amaemon
 13538 | Lair:2   | Killed Amaemon
 14176 | Lair:2   | Noticed Urug
 14184 | Lair:2   | Killed Urug
 14255 | Lair:2   | Found a hole to the Spider Nest.
 14478 | Lair:2   | Reached skill level 5 in Throwing
 14504 | Lair:3   | Gained mutation: You cannot be stealthy. [Ru sacrifice]
 14504 | Lair:3   | Reached ***** piety under Ru
 14608 | Lair:3   | Reached skill level 10 in Shields
 14721 | Lair:3   | Found a staircase to the Swamp.
 15407 | Lair:4   | You fall into a shaft and drop 1 floor!
 15407 | Lair:5   | Entered Level 5 of the Lair of Beasts
 15411 | Lair:5   | Reached skill level 10 in Fighting
 15411 | Lair:5   | Reached XP level 14. HP: 123/134 MP: 4/13
 15425 | Lair:5   | Reached skill level 15 in Unarmed Combat
 15510 | Lair:5   | Gained mutation: Your casting is slightly disrupted. [Ru
                  | sacrifice]
 15725 | Lair:5   | Found an ornate altar of the Wu Jian Council.
 15727 | Lair:5   | Found a hide-covered altar of Uskayaw.
 15881 | Lair:5   | Reached skill level 5 in Armour
 16389 | Lair:4   | Gained mutation: Your magical capacity is low. (-10% MP)
                  | [Ru sacrifice]
 17129 | Lair:5   | Found a staircase to the Slime Pits.
 17609 | Orc:1    | Entered Level 1 of the Orcish Mines
 18166 | Orc:2    | Entered Level 2 of the Orcish Mines
 18189 | Orc:2    | Noticed Snorg
 18199 | Orc:2    | Killed Snorg
 18289 | Orc:2    | Found a staircase to the Elven Halls.
 18365 | Orc:2    | Found Zatufoad's General Store.
 18495 | Orc:2    | Noticed Maurice
 18509 | Orc:2    | Reached XP level 15. HP: 144/153 MP: 12/12
 18520 | Orc:2    | Killed Maurice
 18796 | Orc:2    | Reached skill level 16 in Unarmed Combat
 18933 | Orc:2    | Found Zameros's General Store.
 18947 | Orc:2    | Bought a scroll of blinking for 97 gold pieces
 19120 | Orc:2    | Noticed an orc warlord
 19129 | Orc:2    | Killed an orc warlord
 19226 | Orc:2    | Found Postu's Antique Armour Shop.
 19230 | Orc:2    | Found Peoholl's Antique Weapon Boutique.
 19643 | D:13     | Found a runed translucent gate.
 19644 | D:13     | Found a runed translucent gate.
 19645 | D:13     | Found a runed translucent gate.
 19647 | D:13     | Found an iron altar of Okawaru.
 19647 | D:13     | Noticed Zuymiq's ghost (journeyman OgMo)
 19992 | D:13     | Found a runed translucent door.
 20041 | D:13     | Found a runed translucent gate.
 20041 | D:13     | Identified the +3 whip of the Thing {venom, rElec}
 20042 | D:13     | Found a runed translucent gate.
 20042 | D:13     | Found a runed translucent gate.
 20042 | D:13     | Found a runed translucent gate.
 20042 | D:13     | Found a runed translucent gate.
 20043 | D:13     | Identified the +1 hat "Pycok" {*Corrode rElec rPois Stlth+}
 20060 | D:13     | Found a runed translucent gate.
 20108 | D:13     | Identified the ring "Jaywn" {Wiz rElec rCorr Int+5 Dex-2}
 20285 | D:13     | Identified the +2 robe of Wafoix {Drain Fly rPois rF+
                  | Dex+4}
 20481 | D:13     | Killed Zuymiq's ghost
 21096 | D:14     | Found a gate to the Vaults.
 21459 | D:15     | Entered Level 15 of the Dungeon
 21558 | D:15     | Reached skill level 5 in Dodging
 21559 | D:15     | Identified the +6 spear "Intih" {flame, *Corrode Fragile
                  | rN+ Will++}
 21566 | D:15     | Reached XP level 16. HP: 153/165 MP: 13/13
 21568 | D:15     | Identified the +1 robe of Incorporation {rC+}
 21573 | D:15     | Identified the +10 rapier of Qiwkosmu {venom, rElec Str-5
                  | Dex+7 Stlth+}
 21764 | D:15     | Identified 2 scrolls of acquirement
 21765 | D:15     | Acquired 761 gold pieces
 21767 | D:15     | Acquired a manual of Dodging
 21991 | D:15     | Noticed Jorgrun
 22324 | Swamp:1  | Entered Level 1 of the Swamp
 22349 | Lair:3   | Reached skill level 17 in Unarmed Combat
 23139 | Swamp:2  | Noticed a thorn hunter
 23157 | Swamp:2  | Killed a thorn hunter
 23418 | Swamp:2  | Identified the +1 robe "Xojesax" {rF- rCorr Int+4 Archmagi}
 23436 | Swamp:2  | Identified the +6 great sword "Keenil" {vamp, Dex+3}
 23680 | Swamp:2  | Found a runed translucent gate.
 23680 | Swamp:2  | Noticed a tentacled monstrosity
 23680 | Swamp:2  | Noticed BillyBaka's ghost (journeyman MiFi)
 23680 | Swamp:2  | Noticed a tentacled monstrosity
 23681 | Swamp:2  | Found a runed translucent gate.
 23681 | Swamp:2  | Found a runed translucent gate.
 23735 | Swamp:2  | Paralysed by a fenstrider witch for 2 turns
 23761 | Swamp:2  | Paralysed by a hornet for 3 turns
 23977 | Swamp:2  | Killed a tentacled monstrosity
 23981 | Swamp:2  | Killed a tentacled monstrosity
 23995 | Swamp:2  | Killed BillyBaka's ghost
 24005 | Swamp:2  | Identified the amulet "Mumnav" {rC+ Regen+}
 24459 | Swamp:4  | Entered Level 4 of the Swamp
 24492 | Swamp:4  | Reached XP level 17. HP: 74/157 MP: 5/14
 24512 | Swamp:4  | Mangled by a spriggan rider

Illustrated notes

Levels and vault maps discovered:
D:1:      evilmike_arrival_fibonacci_small, layout_basic
D:2:      minmay_diamond_boxcup, layout_basic, chequers_ecumenical_altar_simple
D:3:      layout_basic, amethyst_overflow_temple_binary,
          nicolae_yredelemnul_ghost_church, mainiacjoe_overflow_six_doors_small,
          nicolae_concentric_dashed_squares_wild, grunt_decor_clamped
D:4:      layout_basic, cheibrodos_sewer_entry_drain
D:5:      layout_loops_ring, lemuel_crystal_altar, minmay_temple_entry_wispy,
          hangedman_feature_mirror, feat_on_display, uniq_duvessa
D:6:      layout_rooms, lemuel_tele_altar, serial_shops, nicolae_shop_crystal,
          minivault_26, uniq_blork_the_orc
D:7:      layout_basic, nicolae_ossuary_entry_ruins, serial_shops, shop,
          nicolae_shop_behind_doors, nicolae_shop_behind_doors
D:8:      layout_loops_ring, nemelex_spade_bored_becter,
          nicolae_gozag_cash_rules_everything_around_me, slow_altar_1,
          ebering_ghost_inner_flame
D:9:      layout_basic, mainiacjoe_overflow_paths, uniq_prince_ribbit1
D:10:     layout_layer_cave, chequers_guarded_unrand_ignorance
D:11:     layout_long_grid, minmay_lair_entry_grove, zombieorc1_lemuel,
          gammafunk_ghost_cemetery, nicolae_transporter_circle
D:12:     layout_gridville, portal_ice_cave_entry_imps
D:13:     gammafunk_indiana_jones, layout_basic, gammafunk_ghost_fury_of_okawaru
D:14:     minmay_blocking_statues, layout_loops_ring, david_vaults_1,
          minmay_holes
D:15:     hangedman_depths_entry_try_elsewhere_first, layout_basic,
          skrybe_limestone_x, minmay_the_grid_square_5x5_3x3_mashed
          [minmay_the_grid_square_5x5_spiral,
          minmay_the_grid_square_5x5_eight_small,
          minmay_the_grid_square_5x5_trominoes,
          minmay_the_grid_square_5x5_checkered_sparse,
          minmay_the_grid_square_5x5_megaprize_diamond,
          minmay_the_grid_square_5x5_minimal, minmay_the_grid_square_5x5_v,
          minmay_the_grid_square_5x5_plus, minmay_the_grid_square_5x5_two],
          uniq_jorgrun
Temple:   hellmonk_temple_two_chambers
Lair:1:   layout_chaotic_city, hangedman_tree_tricks, evilmike_ambush
          [evilmike_ambush_outer_pillars, evilmike_ambush_inner_wall_1],
          uniq_fannar, uniq_grum
Lair:2:   layout_small_grid, spider_nest_entry_funnel_web, tgw_fedhas,
          uniq_amaemon, uniq_urug
Lair:3:   layout_loops_ring, swamp_mist, hangedman_lair_unloving_vines,
          grunt_megastairs_2
Lair:4:   layout_regular_city
Lair:5:   hangedman_lair_caniforms_friends, layout_loops_ring,
          guppyfry_lair_end_dragon, slime_entry_1,
          nzn_masters_of_martial_movement, infiniplex_staircase_pool
Swamp:1:  layout_basic_swamp, evilmike_swamp_ruin_house_2
Swamp:2:  layout_basic_swamp, gammafunk_ghost_split,
          evilmike_swamp_ruin_house_5, swamp_pool2, grunt_lady_of_the_lake
Swamp:3:  layout_basic_swamp, serial_swamp_ruin, evilmike_swamp_ruin_house_4,
          hangedman_swamp_ruin_hall, evilmike_swamp_ruin_house_3
Swamp:4:  swamp_basic_johnstein, layout_basic_swamp, swamp_pool2,
          nicolae_swamp_fairy_circle, infiniplex_staircase_pool_2, uniq_aizul
Orc:1:    layout_caves, kennysheep_orc_chapel
Orc:2:    grunt_orc_community_town_hall, layout_diamond_mine,
          grunt_orc_community_big_house_2, grunt_orc_community_big_house_2,
          grunt_orc_community_house_2, grunt_orc_community_house_2,
          grunt_orc_community_house_1, grunt_orc_community_house_2,
          nicolae_orc_crystal_geode, uniq_snorg, uniq_maurice

Skill      XL: |  1  2  3  4  5  6  7  8  9 10 11 12 13 14 15 16 |
---------------+-------------------------------------------------+-----
Shields        | 3 3 4 5 6 7 8 9 10 11 12 | 12.0
Unarmed Combat | 3 4 5 6 7 9 11 12 13 14 15 16 17 | 17.7
Fighting       | 3 4 5 6 7 8 10 11 12 13 | 13.0
Throwing       | 1 3 5 6 7 8 |  8.7
Dodging        | 3 5 7 |  7.1
Armour         | 2 4 5 6 7 |  7.6

Action                   |  1- 3 |  4- 6 |  7- 9 | 10-12 | 13-15 | 16-18 || total
-------------------------+-------+-------+-------+-------+-------+-------++-------
Melee: Unarmed           |   110 |   149 |   298 |   690 |  1340 |   344 ||  2931
Throw: Dart              |       |     1 |       |    12 |     7 |       ||    20
       Boomerang         |       |       |     2 |    16 |    40 |    58 ||   116
       Large rock        |       |       |       |       |    25 |    30 ||    55
       Javelin           |       |       |       |       |     7 |     6 ||    13
Invok: Sacrifice Skill   |       |     1 |       |       |       |       ||     1
       Sacrifice Arcana  |       |       |     1 |       |       |       ||     1
       Reject Sacrifices |       |       |       |     2 |     2 |       ||     4
       Power Leap        |       |       |       |       |    16 |     5 ||    21
       Apocalypse        |       |       |       |       |     1 |     2 ||     3
       Sacrifice Stealth |       |       |       |       |     1 |       ||     1
       Sacrifice Love    |       |       |       |       |     1 |       ||     1
       Sacrifice Essence |       |       |       |       |     2 |       ||     2
       Draw Out Power    |       |       |       |       |     1 |       ||     1
Evoke: Wand              |       |       |       |     3 |     2 |     3 ||     8
  Use: Scroll            |       |     3 |     6 |    10 |     7 |    10 ||    36
       Potion            |       |     1 |       |     4 |     5 |     4 ||    14
 Stab: Invisible         |       |       |       |       |     8 |     1 ||     9
       Distracted        |       |       |       |       |    10 |     2 ||    12
       Paralysed         |       |       |       |       |    10 |     7 ||    17
       Petrified         |       |       |       |       |     1 |       ||     1
Armor: Robe              |    50 |    43 |    50 |    14 |       |       ||   157
       Steam dragon scal |       |       |       |    46 |       |       ||    46
       Troll leather arm |       |       |       |    16 |       |       ||    16
       Ice dragon scales |       |       |       |    58 |   178 |       ||   236
       Swamp dragon scal |       |       |       |       |    53 |       ||    53
       Fire dragon scale |       |       |       |       |    29 |    90 ||   119
Dodge: Dodged            |    43 |    49 |    86 |   145 |   156 |    95 ||   574
Block: Kite shield       |    40 |    60 |   100 |   195 |       |       ||   395
       Tower shield      |       |       |       |   114 |  1400 |   387 ||  1901
